 Dungeon Crawl Stone Soup version 0.29.1-12-g30fa7ad0bf (webtiles) character file.

Game seed: 6964863125788133928

108 hawla the Firebug (level 5, 0/38 HPs)
             Began as a Meteoran Fire Elementalist on Jan 9, 2023.
             Slain by an adder (4 damage)
             ... on level 3 of the Dungeon.
             The game lasted 00:03:43 (422 turns).

hawla the Firebug (Meteoran Fire Elementalist)       Turns: 422, Time: 00:03:43

Health: 0/38       AC:  2    Str:  8 (9)  XL:     5   Next: 35%
Magic:  1/10       EV: 16    Int: 16 (19) God:
Gold:   73         SH:  0    Dex: 13 (14) Spells: 3/10 levels left

rFire   . . .      SeeInvis .   e - staff of earth
rCold   . . .      Faith    .   (no shield)
rNeg    . . .      Spirit   .   a - +0 robe
rPois   .          Reflect  .   (no helmet)
rElec   .          Harm     .   (no cloak)
rCorr   .          Rampage  .   (no gloves)
Will    .....                   (no boots)
Stlth   +.........              (no amulet)
HPRegen 0.12/turn               d - +4 ring of evasion
MPRegen 0.12/turn               (no ring)

@: brilliant, glowing
A: sense surroundings 1, otherworldly, glowing, explore regen
a: no special abilities


You were on level 3 of the Dungeon.
You visited 1 branch of the dungeon, and saw 3 of its levels.

You collected 73 gold pieces.

Inventory:

Armour
 a - a +0 robe (worn)
Magical Staves
 e - a staff of earth (weapon)
Jewellery
 d - a +4 ring of evasion (left hand)


   Skills:
 - Level 2.1 Staves
 - Level 2.6 Dodging
 - Level 1.4 Stealth
 - Level 3.0 Spellcasting
 + Level 2.7 Conjurations
 - Level 4.0 Fire Magic
 - Level 2.0 Earth Magic
 - Level 2.0 Evocations


You had 3 spell levels left.
You knew the following spells:

 Your Spells              Type           Power      Damage    Failure   Level
a - Foxfire               Conj/Fire      76%        2x1d7     4%          1
b - Scorch                Fire           44%        2d7       5%          2
c - Flame Wave            Conj/Fire      19%        2d7       43%         4

Your spell library contained the following spells:

 Spells                   Type           Power      Damage    Failure   Level
 Conjure Flame            Conj/Fire      19%        6-21      14%         3
 Inner Flame              Hex/Fire       13%        N/A       24%         3


Dungeon Overview and Level Annotations

Branches:
Dungeon (3/15) Zot: 1374

Altars:


Innate Abilities, Weirdness & Mutations

You passively map a small area around you.
You are easily found by Zot.
You glow in the dark.
You regain HP and MP as you explore.


Message History

Casting: Foxfire (safe; 4% risk of failure)
Confirm with . or Enter, or press ? or * to list all spells.
You feel a surge of power!
You conjure some foxfire!
The kobold hits you with a +0 short sword.
* * * LOW HITPOINT WARNING * * *
The orc misses you.
The endoplasm jiggles.
The endoplasm freezes you.
You are frozen.
* * * LOW HITPOINT WARNING * * *
The foxfire hits the kobold but does no damage.
The kobold attacks as you move away! The kobold closely misses you.
The kobold attacks as you move away! The kobold barely misses you.
The kobold attacks as you move away! The kobold hits you but does no damage.
An adder comes into view.
The adder hisses angrily.
An adder comes into view.
The adder hisses angrily.
Casting: Foxfire (safe; 4% risk of failure)
Confirm with . or Enter, or press ? or * to list all spells.
You feel a surge of power!
You conjure some foxfire!
The kobold closely misses you. The orc barely misses you. The adder bites you.
* * * LOW HITPOINT WARNING * * *
Unknown command.
As you read the scroll labelled WUAGEA ZAERO, it crumbles to dust.
The scroll dissolves into smoke.
It was a scroll of fog.
The foxfire hits the kobold.
You kill the kobold!
The orc misses you. The adder misses you.
The foxfire hits the endoplasm.
The endoplasm is severely wounded.
As you read the scroll labelled YHEANKU NOEQU, it crumbles to dust.
Your body is wracked with pain!
* * * LOW HITPOINT WARNING * * *
The adder convulses! x2; It was a scroll of torment.
The orc misses you. The adder closely misses you.
The endoplasm barely misses you.
As you read the scroll labelled NEGAITS OJEUZE, it crumbles to dust.
It is a scroll of identify.
You don't have any unidentified items.
The adder bites you.
You die...

* *
..#....#....#....#...
#.....#)..#.....#...#.
#.#.#.......#.#....... ,
.#.......#.#.......#.#..
...#...#.....#...#......
....#....#....#....#...
, *
#..#.§§#o§...#...#.....#
.....§S§§#.#.......#.#.#
,,
,...#.#@J§....#.#.......
.....§§S#.§.#.....#...#.
,
.....#§§§.#....#....#...
....,...#...#.....#...#.
*
...,#.#.......#.#.......
.. .....#.#.......#.#.#
., #...#.....#...#......
, ..#....#....#)...#.#.
....#.....#...#......


You could see 2 adders, an orc and an endoplasm.

Vanquished Creatures
  An orc priest (D:3)
  A hound (D:3)
  2 gnolls
  An adder (D:2)
  A worm (D:2)
  An orc (D:3)
  2 ball pythons
  4 endoplasms
  A goblin (D:3)
  3 hobgoblins (D:2)
  A kobold (D:3)
  A rat (D:2)
19 creatures vanquished.

Vanquished Creatures (others)
  51 foxfires
  11 plants (D:3)
62 creatures vanquished.

Grand Total: 81 creatures vanquished

Notes
Turn   | Place    | Note
-------+----------+-------------------------------------------
     0 | D:1      | hawla the Meteoran Fire Elementalist began the quest for
                  | the Orb.
     0 | D:1      | Reached XP level 1. HP: 14/14 MP: 5/5
   130 | D:2      | Reached skill level 4 in Fire Magic
   130 | D:2      | Reached XP level 2. HP: 20/20 MP: 2/7
   133 | D:2      | Learned a level 2 spell: Scorch
   268 | D:2      | Reached skill level 1 in Earth Magic
   268 | D:2      | Reached skill level 1 in Evocations
   268 | D:2      | Reached XP level 3. HP: 24/26 MP: 2/8
   306 | D:2      | Reached XP level 4. HP: 13/33 MP: 1/9
   311 | D:2      | Learned a level 4 spell: Flame Wave
   393 | D:3      | Reached XP level 5. HP: 34/38 MP: 5/10
   422 | D:3      | Slain by an adder

Illustrated notes

Levels and vault maps discovered:
D:1:      lightli_arrival_lavapool, layout_loops_ring
D:2:      wad_river_or_something, layout_loops_ring, basic_altar,
          ebering_ecumenical_altar_webs
D:3:      layout_loops_cross, gammafunk_ghost_abyssal_escape,
          chequers_serial_rivers_micro_c, nicolae_kite_square_tiling_tiny,
          nicolae_grassy_gnolls

Skill      XL: |  1  2  3  4 |
---------------+-------------+-----
Spellcasting   | 3 |  3.0
Fire Magic     | 4 |  4.0
Earth Magic    | 1 2 |  2.0
Evocations     | 1 2 |  2.0
Staves         | 2 |  2.1
Conjurations   | 2 |  2.7
Dodging        | |  2.6
Stealth        | |  1.4

Action                   |  1- 3 |  4- 6 || total
-------------------------+-------+-------++-------
Melee: Staff             |    18 |       ||    18
       Unarmed           |     5 |       ||     5
 Cast: Foxfire           |    20 |    14 ||    34
       Scorch            |     4 |     3 ||     7
  Use: Potion            |     1 |     2 ||     3
       Scroll            |       |     3 ||     3
Armor: Robe              |     4 |     4 ||     8
Dodge: Dodged            |    20 |    15 ||    35
